 Dungeon Crawl Stone Soup version 0.19.5 (webtiles) character file.

63459 Da5id the Brawler (level 15, -9/132 HPs)
             Began as a Ghoul Monk on Mar 15, 2017.
             Was a High Priest of Okawaru.
             Killed by divine providence
             ... invoked by a smoke demon
             ... summoned by an orc high priest
              (16 damage)
             ... on level 2 of the Orcish Mines.
             The game lasted 00:41:21 (23244 turns).

Da5id the Brawler (Ghoul Monk)                     Turns: 23244, Time: 00:41:21

Health: -9/132     AC: 25    Str: 20      XL:     15   Next: 9%
Magic:  17/20      EV: 17    Int:  4 (6)  God:    Okawaru [*****.]
Gold:   1582       SH: 18    Dex: 12      Spells: 0 memorised, 14 levels left

rFire  + + .     SeeInvis +       - Unarmed
rCold  . . .     Gourm    .     m - +3 fire dragon scales
rNeg   + + +     Faith    .     i - +2 shield
rPois  ∞         Spirit   .     r - +1 helmet {SInv}
rElec  .         Reflect  +     s - +1 cloak
rCorr  .         Harm     .     D - +1 pair of gloves
MR     ++...                    h - +1 pair of boots
Stlth  ++........               J - +2 amulet of reflection
                                g - ring of protection from magic
                                c - +4 ring of evasion

@: heroism, finesse, rotting
A: rotting body, claws 1, carnivore 3, cold resistance 1, negative energy
resistance 3, slow regeneration 1, torment resistance, unbreathing
a: Heroism, Finesse, Renounce Religion


You were on level 2 of the Orcish Mines.
You worshipped Okawaru.
Okawaru was extremely pleased with you.
You were not hungry.

You visited 3 branches of the dungeon, and saw 21 of its levels.
You also visited: Sewer.

You collected 2002 gold pieces.
You spent 420 gold pieces at shops.

Inventory:

Hand Weapons
 n - a +4 blowgun
Missiles
 p - 29 poisoned needles
 N - 3 curare-tipped needles
Armour
 h - a +1 pair of boots (worn)
 i - a +2 shield (worn)
 m - +3 fire dragon scales (worn)
 r - a +1 helmet of see invisible (worn)
 s - a +1 cloak (worn)
 y - a +2 large shield of positive energy
 D - a +1 pair of gloves (worn)
 K - a +2 hat of magic resistance
Jewellery
 c - a +4 ring of evasion (left hand)
 g - a ring of protection from magic (right hand)
 z - an uncursed ring of flight
 C - an uncursed ring of fire
 J - a +2 amulet of reflection (around neck)
 T - an uncursed amulet of guardian spirit {unknown}
Wands
 l - a wand of teleportation (5/9)
 S - a wand of teleportation (6/9)
 U - a wand of hasting (6/9)
 X - a wand of teleportation (9/9)
Scrolls
 e - 8 scrolls of remove curse
 j - 4 scrolls of magic mapping
 v - 2 scrolls of amnesia
 w - 2 scrolls of blinking
 x - 5 scrolls of fear
 B - 8 scrolls of teleportation
 M - 2 scrolls of immolation
 R - a scroll of torment
 Z - a scroll of noise
Potions
 a - 9 potions of curing
 q - 4 potions of brilliance
 t - 3 potions of haste
 u - 6 potions of flight
 A - 4 potions of heal wounds
 E - 2 potions of cancellation
 F - a potion of lignification {unknown}
 G - a potion of berserk rage {unknown}
 H - a potion of mutation {unknown}
 I - a potion of ambrosia {unknown}
 O - 6 potions of degeneration {unknown}
 Q - 3 potions of cure mutation {unknown}
 V - 2 potions of resistance {unknown}
 W - 2 potions of beneficial mutation {unknown}
Miscellaneous
 P - 2 phantom mirrors
Comestibles
 b - 6 meat rations
 d - 7 chunks of flesh
 f - 5 slices of pizza
 o - 6 beef jerkies
 Y - 2 royal jellies


   Skills:
 - Level 11.7(16.7) Fighting
 + Level 1.9(6.9) Throwing
 + Level 7.4(12.4) Armour
 - Level 2.6(7.6) Dodging
 - Level 2.1(7.1) Stealth
 - Level 10.0(15.0) Shields
 * Level 19.0(24.0) Unarmed Combat
 - Level 8.2 Invocations


You had 14 spell levels left.
You didn't know any spells.

Dungeon Overview and Level Annotations

Branches:
Dungeon (13/15)            Temple (0/1) D:5            Lair (6/6) D:8
 Shoals (0/4) Lair:3       Spider (0/4) Lair:4        Slime (0/5) Lair:5
    Orc (2/2) D:11            Elf (0/3) Orc:2
 Vaults: D:13-14

Altars:
Dithmenos
Fedhas
Nemelex Xobeh
Okawaru
Qazlal
Trog
The Shining One

Shops:
D:8 }   Orc:2 [

Annotations:
Lair:5 exclusion: 4 oklob plants


Innate Abilities, Weirdness & Mutations

Your body is rotting away.
You thrive on raw meat.
You are immune to poison.
You have sharp fingernails.
You are carnivorous and can eat meat at any time.
Your flesh is cold resistant. (rC+)
You are immune to negative energy. (rN+++)
You regenerate slowly when monsters are visible.
You are immune to unholy pain and torment.
You can survive without breathing.


Message History

The orcs go into a battle-frenzy!
The orc knight hits you with a great sword!!
* * * LOW HITPOINT WARNING * * *
This raw flesh tastes great!
As you read the scroll of fear, it crumbles to dust.
You assume a fearsome visage.
The orc priest looks frightened!
The smoke demon is unaffected.
The orc wizard looks frightened!
The orc warrior looks frightened!
The orc high priest looks frightened!
The orc knight looks frightened!
The orc warrior looks frightened! x2
The orc knight looks frightened!
The orc sorcerer looks frightened!
The orc wizard looks frightened!
The orc priest looks frightened! x2
The orc knight no longer looks unusually strong.
The orc wizard mumbles some strange words.
The orc wizard flickers and vanishes for a moment.
The orc warrior mutters, "Damn and blast!"
The orc wizard casts a spell.
The orc wizard blinks!
The smoke demon gestures at you. Beogh smites you!
You die...

........# ....#
#........#### .##....##
...# ##.....######
##...### ..# ##...## #..
....## ## ##... ###..
...## ##.###.... .#.##
####..... ....## ##....
.....# ### ###### #.....
#.#..###.# ##..o@#####
##.... #.#...#..#
##..##.)o..# ####.
......#..# #..##ooo.o..#
#.
.........###.##.3o##o#.∩#
#. ....#....##..##oo## o#
.# ## ....##...##.##.o. .
##. ...###...##.##..o .#
#.. ..#......##.##..3 .
##.. .........##.#####.
.# ##...


You could see 2 orc knights, an orc high priest (fleeing), a sun demon, a smoke
demon, an orc sorcerer (fleeing), 3 orc warriors, 3 orc priests and 3 orc
wizards.

Vanquished Creatures
  Gastronok (Lair:2)
  The ghost of sweetbreads the Swashbuckler, a journeyman KoBe of Trog (Lair:3)
  The ghost of zephy the Fighter, a journeyman MiMo of Hepliaklqana (Lair:3)
  A fire dragon (Lair:6)
  The ghost of meatyocre the Basher, a journeyman DsWn of Makhleb (Lair:3)
  6 hydras
  An alligator (Lair:6)
  2 orc high priests (Orc:2)
  Urug (Lair:2)
  3 hill giants
  A lindwurm (Lair:6)
  Pikel (D:4)
  2 orc knights (Orc:2)
  2 wolf spiders (Lair:6)
  4 orc sorcerers (Orc:2)
  An ugly thing (D:11)
  A guardian serpent (Lair:6)
  9 black mambas
  Joseph (D:8)
  The ghost of michaelg83 the Chopper, a novice HOFi (D:7)
  6 torpor snails (Lair:6)
  11 spiny frogs
  A gargoyle (D:10)
  Psyche (D:8)
  A rime drake (Lair:3)
  8 komodo dragons
  4 trolls
  2 polar bears
  4 tyrant leeches (Lair:6)
  A merfolk (Lair:3)
  12 hornets
  12 blink frogs
  12 dream sheep
  12 hippogriffs
  A snapping turtle (Lair:3)
  A vampire (D:11)
  2 redbacks (Lair:6)
  A shadow (D:12)
  37 yaks
  A water elemental (D:12)
  A wraith (D:12)
  11 wyverns
  7 basilisks
  2 steam dragons (D:12)
  2 hungry ghosts
  10 porcupines
  A hornet zombie (D:10)
  16 water moccasins
  3 swamp drakes (Lair:5)
  17 orc warriors
  4 sky beasts
  2 eyes of draining
  A slave (D:4)
  2 black bears
  5 ice beasts
  4 phantoms
  5 centaurs
  5 ogres
  12 wolves
  4 big kobolds
  12 crocodiles
  21 bullfrogs
  A water moccasin zombie (D:7)
  A water moccasin skeleton (D:10)
  A scorpion (D:10)
  A wyvern skeleton (D:9)
  2 jellies
  5 wights (D:7)
  A centaur zombie (D:7)
  A howler monkey (D:7)
  6 crimson imps
  2 bullfrog zombies
  A quasit (D:9)
  16 orc wizards
  15 orc priests
  2 bullfrog skeletons (D:5)
  7 hounds
  3 centaur skeletons
  11 iguanas
  Ijyb (D:3)
  11 worker ants
  A killer bee zombie (D:7)
  6 ogre zombies (D:11)
  A hound zombie (D:10)
  11 gnolls
  34 adders
  6 river rats
  2 shadow imps
  An ooze (D:1)
  2 adder zombies
  5 worms
  5 dart slugs
  10 leopard geckos
  56 orcs
  8 ball pythons
  3 giant cockroaches
  15 goblins
  12 hobgoblins
  8 jackals
  17 kobolds
  9 quokkas
  10 bats
  9 frilled lizards
  A goblin zombie (D:11)
  2 hobgoblin skeletons (D:11)
  2 hobgoblin zombies (D:11)
  A jackal skeleton (D:5)
  3 orc skeletons (D:11)
  11 orc zombies (D:11)
  2 quokka skeletons
  9 rats
  A fungus (Lair:4)
669 creatures vanquished.

Vanquished Creatures (others)
  A steam dragon (Lair:5)
  A sky beast (D:10)
  24 fungi
  32 plants
58 creatures vanquished.

Grand Total: 727 creatures vanquished

Notes
Turn   | Place    | Note
-------+----------+-------------------------------------------
     0 | D:1      | Da5id the Ghoul Monk began the quest for the Orb.
     0 | D:1      | Reached XP level 1. HP: 19/19 MP: 0/0
    51 | D:1      | Reached XP level 2. HP: 26/26 MP: 1/1
    80 | D:1      | Reached skill level 4 in Unarmed Combat
   471 | D:1      | Reached XP level 3. HP: 18/31 MP: 2/2
   995 | D:1      | Reached skill level 5 in Unarmed Combat
  1188 | D:2      | Reached XP level 4. HP: 13/38 MP: 3/3
  2117 | D:2      | Reached skill level 6 in Unarmed Combat
  2119 | D:2      | Reached XP level 5. HP: 45/45 MP: 4/4
  2816 | D:3      | Noticed Ijyb
  2825 | D:3      | Killed Ijyb
  3212 | D:4      | Found a glowing golden altar of the Shining One.
  3236 | D:4      | Reached XP level 6. HP: 44/51 MP: 5/5
  3349 | D:4      | Noticed an ice beast
  3363 | D:4      | Killed an ice beast
  3363 | D:4      | Reached skill level 1 in Armour
  3363 | D:4      | Reached skill level 7 in Unarmed Combat
  3621 | D:4      | Found an iron altar of Okawaru.
  3621 | D:4      | Found a stormy altar of Qazlal.
  3622 | D:4      | Found a sparkling altar of Nemelex Xobeh.
  3625 | D:4      | Became a worshipper of Warmaster Okawaru
  3625 | D:4      | Reached * piety under Okawaru
  3625 | D:4      | Reached ** piety under Okawaru
  3647 | D:4      | Noticed Pikel
  3648 | D:4      | Noticed a slave
  3649 | D:4      | Noticed a slave
  3649 | D:4      | Noticed a slave
  3650 | D:4      | Noticed a slave
  3666 | D:4      | Found a bloodstained altar of Trog.
  3672 | D:4      | Killed a slave
  3677 | D:4      | Killed Pikel
  3677 | D:4      | Reached *** piety under Okawaru
  3677 | D:4      | Reached skill level 5 in Invocations
  3677 | D:4      | Reached XP level 7. HP: 29/58 MP: 5/10
  3793 | D:4      | Reached XP level 8. HP: 36/66 MP: 8/11
  3948 | D:5      | Entered Level 5 of the Dungeon
  3967 | D:5      | Found a glowing drain.
  4052 | Sewer    | Entered a sewer
  4666 | Sewer    | Reached skill level 8 in Unarmed Combat
  4857 | D:5      | Found a staircase to the Ecumenical Temple.
  4973 | D:5      | Reached **** piety under Okawaru
  5195 | D:6      | Reached skill level 5 in Fighting
  5377 | D:6      | Reached skill level 9 in Unarmed Combat
  5395 | D:6      | Reached XP level 9. HP: 38/75 MP: 9/12
  6260 | D:7      | Reached skill level 10 in Unarmed Combat
  6341 | D:7      | Noticed michaelg83's ghost (novice HOFi)
  6352 | D:7      | Killed michaelg83's ghost
  6352 | D:7      | Reached ***** piety under Okawaru
  6714 | D:7      | Reached skill level 11 in Unarmed Combat
  6718 | D:7      | Reached XP level 10. HP: 72/86 MP: 13/13
  7080 | D:7      | Reached skill level 1 in Shields
  7519 | D:8      | Noticed Joseph
  7540 | D:8      | Killed Joseph
  8166 | D:8      | Reached skill level 12 in Unarmed Combat
  8255 | D:8      | Found a staircase to the Lair.
  8263 | D:8      | Received a gift from Okawaru
  8428 | D:8      | Noticed Psyche
  8446 | D:8      | Killed Psyche
  8503 | D:8      | You fall through a shaft for 3 floors!
  8606 | D:11     | Found a staircase to the Orcish Mines.
  8617 | D:11     | Reached skill level 5 in Shields
  8656 | D:11     | Reached XP level 11. HP: 63/92 MP: 8/14
  8818 | D:11     | Noticed a brown ugly thing
  8834 | D:11     | Killed a brown ugly thing
  9393 | D:11     | Reached skill level 13 in Unarmed Combat
  9861 | D:10     | Entered Level 10 of the Dungeon
 10092 | D:10     | Noticed a hill giant
 10103 | D:10     | Killed a hill giant
 10340 | D:8      | Found a shadowy altar of Dithmenos.
 10406 | D:8      | Found Wuiblo Sets's Gadget Emporium.
 10411 | D:8      | Bought a wand of teleportation (6/9) for 420 gold pieces
 12161 | D:12     | Received a gift from Okawaru
 12161 | D:12     | Reached skill level 14 in Unarmed Combat
 12164 | D:12     | Noticed a hill giant
 12174 | D:12     | Killed a hill giant
 12347 | D:12     | Noticed a hill giant
 12359 | D:12     | Killed a hill giant
 12359 | D:12     | Reached XP level 12. HP: 74/101 MP: 15/17
 12837 | Lair:1   | Entered Level 1 of the Lair of Beasts
 12920 | Lair:1   | Noticed a four-headed hydra
 12933 | Lair:1   | Killed a four-headed hydra
 14226 | Lair:2   | Noticed Urug
 14238 | Lair:2   | Killed Urug
 14238 | Lair:2   | Reached skill level 15 in Unarmed Combat
 14543 | Lair:2   | Noticed Gastronok
 14558 | Lair:2   | HP: 3/103 [Gastronok/the air (16)]
 14576 | Lair:2   | Killed Gastronok
 15126 | Lair:2   | Noticed a seven-headed hydra
 15135 | Lair:2   | Killed a seven-headed hydra
 15356 | Lair:2   | Received a gift from Okawaru
 15550 | Lair:2   | Noticed an eight-headed hydra
 15559 | Lair:2   | Killed an eight-headed hydra
 15652 | Lair:3   | Noticed zephy's ghost (journeyman MiMo)
 15745 | Lair:3   | Killed zephy's ghost
 15745 | Lair:3   | Reached skill level 16 in Unarmed Combat
 15745 | Lair:3   | Reached XP level 13. HP: 100/113 MP: 16/18
 15866 | Lair:3   | Noticed sweetbreads's ghost (journeyman KoBe)
 15886 | Lair:3   | Killed sweetbreads's ghost
 15886 | Lair:3   | Reached skill level 10 in Fighting
 16382 | Lair:3   | Noticed meatyocre's ghost (journeyman DsWn)
 16394 | Lair:3   | Killed meatyocre's ghost
 16472 | Lair:3   | Found a staircase to the Shoals.
 17493 | Lair:4   | Found a hole to the Spider Nest.
 17662 | Lair:4   | Found a blossoming altar of Fedhas.
 17796 | Lair:4   | Received a gift from Okawaru
 18029 | Lair:4   | You fall through a shaft for 2 floors!
 18029 | Lair:6   | Entered Level 6 of the Lair of Beasts
 18110 | Lair:6   | Reached skill level 17 in Unarmed Combat
 18553 | Lair:6   | Found a runed door.
 18664 | Lair:6   | Reached XP level 14. HP: 100/123 MP: 17/19
 18722 | Lair:6   | Received a gift from Okawaru
 19088 | Lair:6   | Reached skill level 18 in Unarmed Combat
 19117 | Lair:6   | Reached skill level 10 in Shields
 19317 | Lair:6   | Reached skill level 5 in Armour
 19340 | Lair:6   | Reached ****** piety under Okawaru
 20437 | Lair:5   | Received a gift from Okawaru
 21401 | Lair:5   | Found a staircase to the Slime Pits.
 22381 | Orc:1    | Entered Level 1 of the Orcish Mines
 22577 | Orc:2    | Entered Level 2 of the Orcish Mines
 22648 | Orc:2    | Found a staircase to the Elven Halls.
 23147 | Orc:2    | Found Ylaus's Armour Shoppe.
 23156 | Orc:2    | Reached skill level 1 in Throwing
 23189 | Orc:2    | Reached XP level 15. HP: 105/132 MP: 20/20
 23236 | Orc:2    | Reached skill level 19 in Unarmed Combat
 23243 | Orc:2    | HP: 1/132 [orc knight/great sword (30)]
 23244 | Orc:2    | Killed from afar by a smoke demon

Skill      XL: |  1  2  3  4  5  6  7  8  9 10 11 12 13 14 15 |
---------------+----------------------------------------------+-----
Unarmed Combat | 4 5 6 7 9 11 12 14 16 17 18 19 | 19.0
Armour         | 1 3 4 7 |  7.4
Invocations    | 5 8 |  8.2
Fighting       | 4 5 7 8 9 11 | 11.7
Shields        | 5 6 7 9 10 | 10.0
Throwing       | 1 |  1.9
Dodging        | |  2.6
Stealth        | |  2.1

Action                   |  1- 3 |  4- 6 |  7- 9 | 10-12 | 13-15 || total
-------------------------+-------+-------+-------+-------+-------++-------
Melee: Unarmed           |    93 |   211 |   366 |   980 |  1052 ||  2702
       Punch             |     2 |     3 |    11 |       |       ||    16
Invok: Heroism           |       |       |     6 |    28 |    32 ||    66
       Finesse           |       |       |       |     4 |     7 ||    11
  Use: Scroll            |       |       |     3 |     8 |    24 ||    35
       Potion            |       |       |       |     4 |       ||     4
 Stab: Sleeping          |     5 |     4 |     5 |       |       ||    14
       Distracted        |       |       |     1 |       |       ||     1
       Confused          |       |       |       |       |     2 ||     2
  Eat: Chunk             |     2 |    11 |     5 |    39 |    40 ||    97
Armor: Robe              |    12 |    38 |       |       |       ||    50
       Leather armour    |       |    10 |    77 |     3 |       ||    90
       Scale mail        |       |       |       |   106 |       ||   106
       Chain mail        |       |       |       |   102 |   164 ||   266
       Fire dragon scale |       |       |       |       |    69 ||    69
Dodge: Dodged            |    48 |   147 |   261 |   322 |   303 ||  1081
Block: Shield            |       |       |       |   583 |   678 ||  1261
       Reflection        |       |       |       |     7 |     3 ||    10
